 Dungeon Crawl Stone Soup version 0.23.2-11-gf996548 (webtiles) character file.

Game seed: 631465044311707782

705 Fortress the Chopper (level 7, -19/61 HPs)
             Began as a Minotaur Fighter on June 7, 2019.
             Demolished by an ogre
             ... wielding a +0 giant club
              (23 damage)
             ... on level 5 of the Dungeon.
             The game lasted 00:13:58 (3603 turns).

Fortress the Chopper (Minotaur Fighter)             Turns: 3603, Time: 00:13:58

Health: -19/61     AC: 10    Str: 22    XL:     7   Next: 39%
Magic:  6/6        EV:  6    Int:  5    God:
Gold:   235        SH: 10    Dex: 10    Spells: 6/6 levels left

rFire    . . .     SeeInvis .   a - +1 war axe
rCold    . . .     Gourm    .   c - +0 shield
rNeg     . . .     Faith    .   t - +0 chain mail
rPois    .         Spirit   .   (helmet restricted)
rElec    .         Reflect  .   j - scarf {cloud immunity}
rCorr    .         Harm     .   (no gloves)
MR       .....                  (no boots)
Stlth    ..........             (no amulet)
HPRegen  0.20/turn              (no ring)
MPRegen  0.10/turn              (no ring)

@: no status effects
A: retaliatory headbutt, horns 2
a: no special abilities


You were on level 5 of the Dungeon.
You were hungry.

You visited 1 branch of the dungeon, and saw 5 of its levels.

You collected 235 gold pieces.

Inventory:

Hand Weapons
 a - a +1 war axe (weapon)
Missiles
 k - 121 stones (quivered)
 l - 36 sling bullets
Armour
 c - a +0 shield (worn)
 j - a scarf of cloud immunity (worn)
 r - a +0 leather armour of cold resistance
 t - a +0 chain mail (worn)
 u - a cursed +0 leather armour
Jewellery
 b - a +4 ring of strength {unknown}
 n - an uncursed ring of poison resistance {unknown}
 p - an uncursed ring of protection from fire {unknown}
 y - a +5 ring of strength {unknown}
Scrolls
 g - 4 scrolls of teleportation
 h - 3 scrolls of immolation
 i - a scroll of identify
 m - a scroll of magic mapping {unknown}
 o - a scroll of fear
 q - a scroll of blinking {unknown}
 w - 2 scrolls of remove curse {unknown}
 z - a scroll of enchant armour {unknown}
Potions
 d - a potion of might
 e - 5 potions of lignification
 s - a potion of flight
 v - a potion of curing {unknown}
 x - a potion of magic {unknown}
Comestibles
 f - 5 rations
 A - 5 chunks of flesh


   Skills:
 + Level 5.1 Fighting
 + Level 7.1 Axes
 + Level 5.6 Armour
 + Level 5.6 Shields


You had 6 spell levels left.
You didn't know any spells.
Your spell library contained the following spells:

 Spells                   Type           Power        Failure   Level  Hunger
 Beastly Appendage        Tmut           #.....       100%        1    ##.....
 Confusing Touch          Hex            #.....       100%        1    ##.....
 Sticks to Snakes         Tmut           #.......     100%        2    ###....
 Confuse                  Hex            #.......     100%        3    ####...
 Gell's Gravitas          Tloc           #.........   100%        3    ####...
 Spider Form              Tmut/Pois      #.........   100%        3    ####...
 Ice Form                 Ice/Tmut       #.......     100%        4    #####..
 Petrify                  Tmut/Erth      #.......     100%        4    #####..
 Blade Hands              Tmut           #.........   100%        5    ######.
 Metabolic Englaciation   Hex/Ice        #.........   100%        5    ######.
 Yara's Violent Unravell  Hex/Tmut       #.........   100%        5    ######.


Dungeon Overview and Level Annotations

Branches:
Dungeon (5/15)
 Temple: D:4-7

Altars:


Innate Abilities, Weirdness & Mutations

You reflexively headbutt those who attack you in melee.
You have a pair of horns on your head.


Message History

The ogre shouts!
You are feeling hungry.
You hit the ogre.
The ogre is lightly wounded.
The ogre hits you with a +0 giant club!!
Your shield and chain mail prevent you from hitting the ogre.
You headbutt the ogre, but do no damage.
The ogre is lightly wounded.
The ogre hits you with a +0 giant club!!
You hit the ogre.
The ogre is lightly wounded.
The ogre hits you with a +0 giant club!!
* * * LOW HITPOINT WARNING * * *
You barely miss the ogre.
The ogre is lightly wounded.
You block the ogre's attack.
You closely miss the ogre.
The ogre is lightly wounded.
The ogre hits you with a +0 giant club!!
You die...

#. #. #. #.## #...
#..# ###.O# #
####...@# ..#
........########...##.
.....$...............
.###..######..####.#
♣.♣. #.♣P.##.. #.
P.§♣. ♣.##♣..♣♣.# ..
§§♣ ♣ ♣...†.♣..♣♣♣
.♣♣♣ # PP
♣....♣..PP♣..♣.... #
♣.♣..♣P♣..♣.♣P♣♣.♣


You could see an ogre.

Vanquished Creatures
  Sigmund (D:2)
  An ogre (D:4)
  2 scorpions (D:4)
  A howler monkey (D:4)
  A crimson imp (D:5)
  A centaur zombie (D:4)
  An orc wizard (D:5)
  A worker ant (D:5)
  2 hound zombies (D:4)
  A howler monkey zombie (D:5)
  2 worker ant zombies (D:4)
  4 adders
  2 river rats (D:5)
  An ooze (D:1)
  5 worms
  2 dart slugs
  3 leopard geckos
  10 orcs
  4 bats
  4 giant cockroaches
  5 goblins
  4 hobgoblins
  7 kobolds
  2 ball pythons
  7 frilled lizards
  7 rats
  2 plants (D:5)
83 creatures vanquished.

Notes
Turn   | Place    | Note
-------+----------+-------------------------------------------
     0 | D:1      | Fortress the Minotaur Fighter began the quest for the Orb.
     0 | D:1      | Reached XP level 1. HP: 19/19 MP: 0/0
   223 | D:1      | Reached XP level 2. HP: 27/27 MP: 1/1
   356 | D:2      | Reached skill level 3 in Axes
   369 | D:2      | Reached XP level 3. HP: 28/33 MP: 2/2
  1340 | D:2      | Noticed Sigmund
  1353 | D:2      | Killed Sigmund
  1353 | D:2      | Reached skill level 5 in Axes
  1353 | D:2      | Reached XP level 4. HP: 3/41 MP: 3/3
  1353 | D:2      | Reached XP level 5. HP: 3/47 MP: 4/4
  2131 | D:3      | Found a faded altar of an unknown god.
  2462 | D:4      | Reached skill level 5 in Armour
  2462 | D:4      | Reached XP level 6. HP: 29/53 MP: 5/5
  2800 | D:4      | Reached skill level 6 in Axes
  2922 | D:4      | Reached skill level 5 in Shields
  2942 | D:4      | Reached XP level 7. HP: 26/60 MP: 6/6
  3169 | D:5      | Entered Level 5 of the Dungeon
  3333 | D:5      | Reached skill level 5 in Fighting
  3462 | D:5      | Reached skill level 7 in Axes
  3603 | D:5      | Demolished by an ogre

Skill      XL: |  1  2  3  4  5  6  7 |
---------------+----------------------+-----
Armour         | 4 5 |  5.6
Shields        | 4 5 |  5.6
Fighting       | 4 5 |  5.1
Axes           | 3 5 6 7 |  7.1

Action                   |  1- 3 |  4- 6 |  7- 9 || total
-------------------------+-------+-------+-------++-------
Melee: War axe           |    98 |    91 |    63 ||   252
       Headbutt          |    14 |    22 |    17 ||    53
  Use: Scroll            |       |     6 |     2 ||     8
  Eat: Chunk             |     2 |     2 |     1 ||     5
       Ration            |       |     1 |       ||     1
Armor: Scale mail        |    37 |     5 |       ||    42
       Chain mail        |       |    20 |    11 ||    31
Dodge: Dodged            |    22 |    20 |     7 ||    49
Block: Shield            |    40 |    47 |    24 ||   111
